 Dungeon Crawl Stone Soup version 0.28.0-43-g3370ac3207 (webtiles) character file.

Game seed: 12650633462867759649

1 tizbic2 the Insei (level 1, 0/12 HPs)
             Began as a Tengu Transmuter on Mar 7, 2022.
             Slain by a goblin
             ... wielding a +0 dagger
              (2 damage)
             ... on level 1 of the Dungeon.
             The game lasted 00:00:52 (94 turns).

tizbic2 the Insei (Tengu Transmuter)                  Turns: 94, Time: 00:00:52

Health: 0/12       AC:  2    Str: 10    XL:     1   Next: 20%
Magic:  3/4        EV: 12    Int: 13    God:
Gold:   24         SH:  0    Dex: 14    Spells: 3/4 levels left

rFire   . . .      SeeInvis .     - Unarmed
rCold   . . .      Faith    .   (no shield)
rNeg    . . .      Spirit   .   a - +0 robe
rPois   .          Reflect  .   (helmet currently unavailable)
rElec   .          Harm     .   (no cloak)
rCorr   .          Rampage  .   (no gloves)
Will    .....                   (boots unavailable)
Stlth   +.........              (no amulet)
HPRegen 0.04/turn               (no ring)
MPRegen 0.09/turn               (no ring)

@: appendages
A: horns 2, beak, talons 3
a: End Transformation


You were on level 1 of the Dungeon.
You had temporarily grown beastly horns.
You visited 1 branch of the dungeon, and saw 1 of its levels.

You collected 24 gold pieces.

Inventory:

Armour
 a - a +0 robe (worn)
Potions
 b - a potion of ambrosia {unknown}
 c - a potion of berserk rage {unknown}


   Skills:
 - Level 1.0 Fighting
 * Level 2.3 Dodging
 + Level 3.3 Unarmed Combat
 - Level 2.0 Spellcasting
 - Level 1.5 Transmutations


You had 3 spell levels left.
You knew the following spells:

 Your Spells              Type           Power      Damage    Failure   Level
a - Beastly Appendage     Tmut           10%        N/A       14%         1

Your spell library contained the following spells:

 Spells                   Type           Power      Damage    Failure   Level
 Wereblood                Tmut           5%         N/A       21%         2
 Spider Form              Tmut/Pois      3%         N/A       50%         3
 Ice Form                 Ice/Tmut       3%         N/A       88%         4


Dungeon Overview and Level Annotations

Branches:
Dungeon (1/15)

Altars:


Innate Abilities, Weirdness & Mutations

You have temporarily grown beastly horns.
You have a beak for a mouth.
You have claws for feet.


Message History

You are very lightly contaminated with residual magic.
Nothing appears to happen.
The ball python bites you. The ball python grabs you.
The ball python constricts you.
The endoplasm hits you but does no damage.
You hit the ball python. Your kick misses the ball python.
You peck the ball python.
You kill the ball python!
The endoplasm freezes you.
You are frozen.
You hit the endoplasm.
The endoplasm is moderately wounded.
The goblin hits you but does no damage. The endoplasm barely misses you.
You barely miss the endoplasm. You claw the endoplasm.
The endoplasm is heavily wounded.
The goblin hits you but does no damage. The endoplasm hits you.
You hit the endoplasm.
You punch the endoplasm, but do no damage.
The endoplasm is heavily wounded.
The goblin hits you with a +0 dagger.
* * * LOW HITPOINT WARNING * * *
The endoplasm freezes you.
You are frozen.
* * * LOW HITPOINT WARNING * * *
You completely miss the endoplasm.
The endoplasm is heavily wounded.
The goblin misses you. The endoplasm barely misses you.
Unknown command.
Your magical contamination has completely faded away.
The goblin hits you but does no damage.
A ball python comes into view.
The ball python hisses angrily.
You see here a +0 short sword.
Casting: Beastly Appendage (safe; 14% risk of failure)
Confirm with . or Enter, or press ? or * to list all spells.
You grow a pair of large bovine horns.
You hit the goblin but do no damage. The goblin hits you but does no damage.
You hit the goblin.
The goblin is severely wounded.
The goblin hits you with a +0 dagger.
You die...

#.##.#. ###
.......#.# ##.#
......... ..#
......#.######.##
................#
.$.............# ###
#............#
....###.#.......J..#
...............@gS.#
.........#########.#
.........# #.##
.......$.# #..#
###.###### ##J## #
#.S# ##.#
##########.#
##..........#


You could see an endoplasm, a goblin and a ball python.

Vanquished Creatures
  A ball python (D:1)
1 creature vanquished.

Notes
Turn   | Place    | Note
-------+----------+-------------------------------------------
     0 | D:1      | tizbic2 the Tengu Transmuter began the quest for the Orb.
     0 | D:1      | Reached XP level 1. HP: 12/12 MP: 4/4
    94 | D:1      | Slain by a goblin

Illustrated notes

Levels and vault maps discovered:
D:1:      lightli_arrival_noodles, layout_basic

Action                   || total
-------------------------++-------
Melee: Unarmed           ||     8
       Kick              ||     1
       Peck              ||     1
       Punch             ||     1
 Cast: Beastly Appendage ||     1
Armor: Robe              ||     6
Dodge: Dodged            ||     9
